 Dungeon Crawl Stone Soup version 0.25.1-2-g60ff931df9 (webtiles) character file.

Game seed: 14352091056836175078

1291 Garessta the Insei (level 8, 0/72 HPs)
             Began as an Octopode Transmuter on Oct 18, 2020.
             Slain by an orc warrior
             ... wielding a +0 dire flail
              (11 damage)
             ... on level 6 of the Dungeon.
             The game lasted 00:28:40 (9450 turns).

Garessta the Insei (Octopode Transmuter)            Turns: 9450, Time: 00:28:41

Health: 0/72       AC: 24    Str: 12    XL:     8   Next: 55%
Magic:  11/11      EV:  2    Int: 15    God:
Gold:   499        SH:  5    Dex: 12    Spells: 0/11 levels left

rFire    . . .     SeeInvis .     - Unarmed
rCold    . . .     Gourm    .   i - +2 buckler
rNeg     + + +     Faith    .   (helmet currently unavailable)
rPois    +         Spirit   .   (no amulet)
rElec    .         Reflect  .   (no ring)
rCorr    .         Harm     .   (no ring)
MR       .....     NoTele   +   (no ring)
Stlth    +.........             (no ring)
HPRegen  0.22/turn              (no ring)
MPRegen  0.12/turn              (no ring)
                                (no ring)
                                (no ring)

@: tree-form
A: almost no armour, stealthy swim, (amphibious), 8 rings, (constrict 8)
a: no special abilities


You were on level 6 of the Dungeon.
You were not hungry.
You were a tree.
You visited 1 branch of the dungeon, and saw 6 of its levels.
You also visited: Ossuary.

You collected 499 gold pieces.

Inventory:

Missiles
 a - 4 boomerangs (quivered)
 d - 37 arrows
Armour
 i - a +2 buckler (worn)
Scrolls
 b - 4 scrolls of remove curse
 f - a scroll of fear {unknown}
 k - 2 scrolls of magic mapping
 l - a scroll of immolation {unknown}
 o - a scroll of enchant weapon
Potions
 e - a potion of mutation
 h - a potion of heal wounds
 j - 2 potions of curing
 n - 3 potions of magic
Comestibles
 c - 9 rations


   Skills:
 - Level 1.0 Fighting
 - Level 2.0 Dodging
 + Level 7.7 Unarmed Combat
 - Level 2.0 Spellcasting
 + Level 7.4 Transmutations


You couldn't memorise any spells.
You knew the following spells:

 Your Spells              Type           Power        Failure   Level  Hunger
a - Beastly Appendage     Tmut           ###...       1%          1    #......
b - Sticks to Snakes      Tmut           ###.....     2%          2    ###....
c - Spider Form           Tmut/Pois      ##........   24%         3    ###....
d - Blade Hands           Tmut           ###.......   43%         5    ######.

Your spell library contained the following spells:

 Spells                   Type           Power        Failure   Level  Hunger
 Corona                   Hex            #......      36%         1    #......
 Ensorcelled Hibernation  Hex/Ice        #.....       50%         2    ###....
 Ice Form                 Ice/Tmut       ##......     63%         4    #####..
 Confusing Touch          Hex            #.......     73%         3    ###....
 Dazzling Flash           Conj/Hex       #.....       73%         3    ###....
 Tukima's Dance           Hex            #.......     73%         3    ###....


Dungeon Overview and Level Annotations

Branches:
Dungeon (6/15)            Ossuary (visited)
 Temple: D:4-7

Altars:
Ashenzari
Elyvilon
Fedhas
Gozag
Qazlal
Uskayaw

Annotations:
D:5 2 transporters, Martska's ghost, amateur NaWr


Innate Abilities, Weirdness & Mutations

You cannot wear most types of armour.
You are very stealthy in the water. (Stealth+)
((You are amphibious.))
You can wear up to eight rings at the same time.
((You can use your tentacles to constrict eight enemies at once.))
((Your skin changes colour to match your surroundings (Stealth+).))
((Your rubbery body absorbs attacks. (AC +1, EV +1)))


Message History

You pierce the orc warrior, but do no damage.
The orc warrior is moderately wounded.
You constrict the orc warrior, but do no damage.
The orc warrior hits you with a +0 dire flail!
You tentacle-slap the orc warrior but do no damage.
You squeeze the orc warrior.
The orc warrior is moderately wounded.
You constrict the orc warrior. The orc hits you with a +0 mace!
* * * LOW HITPOINT WARNING * * *
You release your grip on the orc warrior.
Okay, then.
Really quaff the potion of lignification?
Your tentacle spike disappears.
You turn into a tree.
Your roots penetrate the ground.
The orc warrior hits you with a +0 dire flail!
* * * LOW HITPOINT WARNING * * *
You smack the orc warrior!
The orc warrior is severely wounded.
The orc warrior hits you with a +0 dire flail!
You die...

#......#..# ##
#.<.....#
...............
##.#.#..#l...##
...o.......#
###.##.# ...#
.....$ ...# ##
#)###.#.#
#oo♣....#
#.##..### #.
..# #. .## ..
.. #. ## #. ##


You could see an orc warrior and an orc.

Vanquished Creatures
  An ice beast (D:5)
  2 phantoms (D:5)
  3 ogres
  2 scorpions
  2 crimson imps (D:5)
  A bullfrog zombie (D:5)
  A human zombie (Ossuary)
  An orc priest (D:4)
  A hound (D:4)
  2 orc wizards
  Jessica (D:3)
  2 bullfrog skeletons
  4 worker ants
  3 big kobold zombies (Ossuary)
  4 gnolls
  2 adders (D:2)
  A shadow imp (D:5)
  An ooze (D:2)
  2 worms (D:4)
  4 dart slugs
  A leopard gecko (D:4)
  8 orcs
  3 giant cockroaches
  5 goblins
  9 hobgoblins
  6 jackals
  7 kobolds
  2 quokkas
  A ball python (D:1)
  6 bats
  5 frilled lizards
  4 goblin zombies (Ossuary)
  A jackal skeleton (D:5)
  2 orc zombies (Ossuary)
  A quokka skeleton (D:5)
  6 rats
107 creatures vanquished.

Vanquished Creatures (collateral kills)
  A centaur zombie (Ossuary)
  2 mummies (Ossuary)
  2 gnolls (D:3)
  A worm (D:2)
  A gnoll zombie (Ossuary)
  A goblin (D:2)
  A goblin zombie (Ossuary)
  An orc zombie (Ossuary)
10 creatures vanquished.

Vanquished Creatures (others)
  6 plants (D:5)
6 creatures vanquished.

Grand Total: 123 creatures vanquished

Notes
Turn   | Place    | Note
-------+----------+-------------------------------------------
     0 | D:1      | Garessta the Octopode Transmuter began the quest for the
                  | Orb.
     0 | D:1      | Reached XP level 1. HP: 13/13 MP: 3/3
   699 | D:1      | Reached XP level 2. HP: 18/18 MP: 3/5
   703 | D:1      | Learned a level 2 spell: Sticks to Snakes
  1257 | D:1      | Reached XP level 3. HP: 23/23 MP: 4/6
  1822 | D:2      | Found a stormy altar of Qazlal.
  2268 | D:2      | Found a hide-covered altar of Uskayaw.
  2524 | D:2      | Learned a level 3 spell: Spider Form
  2734 | D:2      | Reached XP level 4. HP: 25/28 MP: 3/7
  2808 | D:3      | Noticed Jessica
  2828 | D:3      | Killed Jessica
  3217 | D:3      | Found a shattered altar of Ashenzari.
  3461 | D:3      | Found a blossoming altar of Fedhas.
  3613 | D:3      | Reached XP level 5. HP: 14/33 MP: 1/8
  4468 | D:3      | Reached skill level 5 in Unarmed Combat
  4608 | D:4      | Reached XP level 6. HP: 33/38 MP: 7/9
  5662 | D:4      | Reached skill level 5 in Transmutations
  6376 | D:4      | Found a white marble altar of Elyvilon.
  6405 | D:4      | Reached XP level 7. HP: 20/43 MP: 7/10
  6707 | D:4      | Found an opulent altar of Gozag.
  7093 | D:5      | Entered Level 5 of the Dungeon
  7274 | D:5      | Found a sand-covered staircase.
  7293 | Ossuary  | Entered an ossuary
  7474 | Ossuary  | Reached XP level 8. HP: 33/48 MP: 6/11
  7481 | Ossuary  | Learned a level 5 spell: Blade Hands
  8611 | D:5      | Identified the +0 spear of Revolt {elec, +Inv Int+3}
  8611 | D:5      | Identified the +5 kite shield "Ymouvub" {*Contam rF+ Regen+
                  | Dex+2}
  8639 | D:5      | Found a transporter.
  8639 | D:5      | Noticed Martska's ghost (amateur NaWr)
  8666 | D:5      | Found a transporter.
  9450 | D:6      | Slain by an orc warrior

Illustrated notes

Levels and vault maps discovered:
D:1:      sevenhm_arrival_forest_fort_small_6, layout_loops_corners
D:2:      layout_loops_corners, grunt_qazlal_clouds, lemuel_round_altar,
          first_ration, kennysheep_another_room
D:3:      layout_basic, old_standard_altar, fedhas_ov_isle_minmay, uniq_jessica
D:4:      layout_loops_ring, old_standard_altar, elyvilon_altar_4
D:5:      layout_gridville, serial_glass, glass_columns_a, glass_columns_b,
          item_on_display_a, feat_on_display, feat_on_display,
          item_on_display_a, enter_ossuary_1, gammafunk_ghost_gnarly_gnolls
D:6:      layout_basic, grunt_temple_overflow_bloody_war, kennysheep_mini,
          lemuel_crystal_altar, serial_shops, nicolae_shop_waterfront

Skill      XL: |  1  2  3  4  5  6  7  8 |
---------------+-------------------------+-----
Transmutations | 3 4 5 6 7 |  7.4
Unarmed Combat | 4 5 6 7 |  7.7
Fighting       | |  1.0
Dodging        | |  2.0
Spellcasting   | |  2.0

Action                   |  1- 3 |  4- 6 |  7- 9 || total
-------------------------+-------+-------+-------++-------
Melee: Unarmed           |    77 |   104 |   130 ||   311
       Constrict         |    21 |    25 |    23 ||    69
       Kick              |    21 |    18 |    30 ||    69
       Tentacles         |    10 |    18 |    20 ||    48
       Punch             |     1 |     2 |     2 ||     5
Throw: Boomerang         |       |     5 |       ||     5
 Cast: Beastly Appendage |    30 |    25 |    23 ||    78
       Sticks to Snakes  |     3 |     9 |    17 ||    29
       Spider Form       |       |     4 |     6 ||    10
  Use: Scroll            |       |    12 |     2 ||    14
       Potion            |       |     2 |     1 ||     3
 Stab: Sleeping          |     7 |     2 |     2 ||    11
  Eat: Chunk             |     6 |    14 |     3 ||    23
       Ration            |       |       |     3 ||     3
Armor: Skin              |     5 |     2 |     2 ||     9
Dodge: Dodged            |    42 |    47 |    40 ||   129
Block: Buckler           |     1 |     7 |    12 ||    20
